cohdb
Replays
Latest Replays
All Replays
Popular Replays
Top Player Replays
Match Explorer
How It Works
Community
CoH3 Stats
Reddit
Sign in to upload your games and track your stats! →
Sign in with Steam
Match 41846160
Unlisted
Match 41846160
Overview
Messages
Build Orders
End
Construct Weapon Support Center
M1919 Machine Gun Team
Bazooka Squad
M1919 Machine Gun Team
Engineer Squad
Mechanized Support Center
Bazooka Squad
Selects Heavy Weapons
Selects Assault Carriers
M3 Assault Carrier
M3 Assault Carrier
Comety42
KobberHolm
Lt Ghost
老木的春天
[HAN]Diederick Kastner
pkdel
宇杰
帝国の突撃隊
0
0
Comments
sign in to comment!
No comments posted yet!